 Dungeon Crawl Stone Soup version 0.18-a0-1140-g8540535 (webtiles) character file.

4560 gorblad the Nimble (level 10, -4/106 HPs)
             Began as a Troll Berserker on Jan 22, 2016.
             Was an Elder of Trog.
             Slain by a swamp worm (11 damage)
             ... on level 8 of the Dungeon.
             The game lasted 00:17:44 (5445 turns).

gorblad the Nimble (Troll Berserker)                Turns: 5445, Time: 00:17:44

Health: -4/106     AC:  6    Str: 30    XL:     10   Next: 18%
Magic:  9/9        EV: 14    Int:  3    God:    Trog [****..]
Gold:   316        SH:  0    Dex: 19    Spells: 0 memorised, 9 levels left

rFire  . . .     SeeInvis .       - Unarmed
rCold  . . .     Gourm    +     a - +0 animal skin
rNeg   . . .     Faith    .     (no shield)
rPois  .         Spirit   .     l - +1 hat
rElec  .         Dismiss  .     (no cloak)
rCorr  .         Reflect  .     (gloves unavailable)
SustAt .         Harm     .     (boots unavailable)
MR     .....                    (no amulet)
Stlth  ++........               j - +5 ring of dexterity
                                k - +5 ring of dexterity

@: studying Long Blades, heavily drained, not resistant to hostile enchantments,
unstealthy
A: unfitting armour, claws 3, fast metabolism 3, gourmand, regeneration 2,
shaggy fur 1, tough skin 2
a: Berserk, Trog's Hand, Brothers in Arms, Burn Spellbooks, Renounce Religion


You were on level 8 of the Dungeon.
You worshipped Trog.
Trog was greatly pleased with you.
You were completely stuffed.

You visited 1 branch of the dungeon, and saw 8 of its levels.

You collected 316 gold pieces.

Inventory:

Armour
 a - a +0 animal skin (worn)
 l - a +1 hat (worn)
Jewellery
 j - a +5 ring of dexterity (right claw)
 k - a +5 ring of dexterity (left claw)
 m - an uncursed ring of resist corrosion
 u - a +3 ring of strength
 z - an uncursed ring of protection from cold {unknown}
 B - a +6 ring of intelligence {unknown}
Wands
 q - a wand of frost (24/48)
 x - a wand of cold (5/15)
Scrolls
 e - a scroll of magic mapping
 f - 5 scrolls of teleportation
 i - a scroll of enchant weapon
 w - 2 scrolls of remove curse
 y - a scroll of fog
Potions
 c - a potion of poison {unknown}
 d - a potion of haste
 g - a potion of heal wounds {unknown}
 n - a potion of invisibility
 p - 2 potions of agility
 r - a potion of flight
 s - 2 potions of cancellation {unknown}
 v - a potion of berserk rage
 A - a potion of brilliance {unknown}
 C - a potion of curing
Books
 h - a manual of Long Blades
Comestibles
 b - 6 bread rations
 t - 2 beef jerkies


   Skills:
 * Level 8.4(6.0) Fighting
 * Level 8.5(6.1) Dodging
 + Level 7.1(4.8) Unarmed Combat


You had 9 spell levels left.
You didn't know any spells.

Dungeon Overview and Level Annotations

Branches:
Dungeon (8/15)             Temple (0/1) D:5
   Lair: D:8-11

Altars:
Fedhas
Ru
Sif Muna
Xom

Shops:
D:4 (


Innate Abilities, Weirdness & Mutations

You are too large for most types of armour.
You have claws for hands.
Your metabolism is lightning-fast.
You like to eat raw meat.
You heal very quickly.
You are covered in fur (AC +1).
You have very tough skin (AC +2).


Message History

You continue eating. x2
The swamp worm barely misses you.
You closely miss the swamp worm.
The swamp worm bites you but does no damage.
You closely miss the swamp worm. The swamp worm bites you!!
You scratch the swamp worm. Your claw misses the swamp worm.
The swamp worm is lightly wounded.
The swamp worm barely misses you.
You closely miss the swamp worm. The swamp worm barely misses you.
You scratch the swamp worm but do no damage.
Your claw misses the swamp worm. The swamp worm bites you!
* * * LOW HITPOINT WARNING * * *
You claw the swamp worm!
The swamp worm is moderately wounded.
The swamp worm bites you!!
* * * LOW HITPOINT WARNING * * *
You mangle the swamp worm!!
The swamp worm is severely wounded.
The swamp worm bites you!
You die...

######.....
#..........
#.........# .
#.......... ..
#.........# #.
#.<.......#
#.######.###...
##.#............#
###......@.....#..#
#...#..###w.......
...##...#...#.####.#
.###...)..###.# .
##....)......#
##........#..##
#............#
#..##....###...
#..#.))### #.


You could see a swamp worm.

Vanquished Creatures
  Pikel (D:4)
  Grinder (D:6)
  Sigmund (D:3)
  A hungry ghost (D:4)
  The ghost of Situis the Skirmisher, an amateur DsFi (D:3)
  2 hippogriffs (D:7)
  A swamp worm (D:8)
  2 water moccasins
  A sky beast (D:5)
  A slave (D:4)
  An ice beast (D:5)
  An orc warrior (D:6)
  A phantom (D:7)
  2 necrophages
  A black bear (D:7)
  4 ogres
  A centaur (D:6)
  4 giant frogs
  2 scorpions
  A water moccasin skeleton (D:5)
  10 wights
  3 crimson imps
  2 quasits
  2 centaur zombies
  6 orc priests
  2 giant frog skeletons
  2 jellies (D:7)
  6 orc wizards
  2 worker ants
  A hound zombie (D:5)
  A hound skeleton (D:4)
  A worker ant zombie (D:5)
  Robin (D:4)
  8 gnolls
  5 adders
  2 adder skeletons (D:5)
  3 worms
  4 giant geckos
  22 orcs
  6 giant cockroaches
  15 goblins
  8 hobgoblins
  13 jackals
  7 kobolds
  6 quokkas
  A ball python (D:2)
  8 bats
  A giant gecko skeleton (D:4)
  6 giant newts
  A quokka skeleton (D:6)
  A quokka zombie (D:5)
  5 rats
191 creatures vanquished.

Vanquished Creatures (others)
  2 iguanas
  A worker ant (D:5)
  A hound skeleton (D:4)
  An adder (D:5)
  A giant newt (D:5)
  2 plants (D:8)
8 creatures vanquished.

Grand Total: 199 creatures vanquished

Notes
Turn   | Place    | Note
--------------------------------------------------------------
     0 | D:1      | gorblad the Troll Berserker began the quest for the Orb.
     0 | D:1      | Reached XP level 1. HP: 22/22 MP: 0/0
   125 | D:1      | Reached XP level 2. HP: 29/29 MP: 1/1
   569 | D:2      | Reached ** piety under Trog
   639 | D:2      | Reached XP level 3. HP: 9/36 MP: 2/2
  1124 | D:3      | Noticed Situis's ghost (amateur DsFi)
  1136 | D:3      | Killed Situis's ghost
  1136 | D:3      | Reached XP level 4. HP: 22/48 MP: 3/3
  1136 | D:3      | Reached XP level 5. HP: 24/54 MP: 4/4
  1290 | D:3      | Reached skill level 4 in Dodging
  1396 | D:3      | Noticed Sigmund
  1424 | D:3      | Killed Sigmund
  1424 | D:3      | Reached *** piety under Trog
  1424 | D:3      | Reached XP level 6. HP: 36/62 MP: 5/5
  1651 | D:4      | Reached XP level 7. HP: 43/71 MP: 6/6
  1950 | D:4      | Noticed Pikel
  1961 | D:4      | Killed Pikel
  1961 | D:4      | Reached skill level 5 in Fighting
  1961 | D:4      | Reached skill level 5 in Dodging
  1961 | D:4      | Reached skill level 5 in Unarmed Combat
  1961 | D:4      | Reached XP level 8. HP: 63/81 MP: 7/7
  2053 | D:4      | Found Vegey's Antique Weapon Emporium.
  2107 | D:4      | Noticed Robin
  2127 | D:4      | Killed Robin
  2378 | D:4      | Found a deep blue altar of Sif Muna.
  2663 | D:5      | Entered Level 5 of the Dungeon
  2727 | D:5      | Reached **** piety under Trog
  2733 | D:5      | Reached skill level 6 in Fighting
  2872 | D:5      | Found a shimmering altar of Xom.
  2931 | D:5      | Found a staircase to the Ecumenical Temple.
  3397 | D:6      | Reached XP level 9. HP: 92/92 MP: 8/8
  3454 | D:6      | HP: 4/92 [wight/great sword (2)]
  3467 | D:5      | Reached skill level 7 in Dodging
  3799 | D:6      | Noticed Grinder
  3803 | D:6      | Paralysed by Grinder for 3 turns
  3816 | D:6      | Found a sacrificial altar of Ru.
  3821 | D:6      | Killed Grinder
  4412 | D:6      | Identified a scroll of acquirement
  4649 | D:7      | Reached skill level 8 in Fighting
  4707 | D:7      | Reached ***** piety under Trog
  4940 | D:7      | Found a blossoming altar of Fedhas.
  5067 | D:7      | Reached XP level 10. HP: 103/103 MP: 9/9
  5445 | D:8      | Slain by a swamp worm

Vault maps used:
D:1:      minmay_arrival_open_corners
D:2:      first_bread
D:3:      serial_glass, glass_columns_a, glass_columns_a,
          kennysheep_generic_room_6, uniq_sigmund
D:4:      kennysheep_mini_moat, serial_shops, shop, st_stairs_3, uniq_pikel,
          uniq_robin
D:5:      xom_confusion_cloud, minmay_temple_entry_statues_fountains
D:6:      nicolae_overflow_crystal_walls, corner_web_ring, hex_tiny,
          uniq_grinder
D:7:      basic_altar
D:8:      zin_purify, overflow_temple_1_default, lair_0_dummy, serial_shops,
          nicolae_shop_crystal, blue_anna_alchemist, worms_lemuel

Action                   |  1- 3 |  4- 6 |  7- 9 | 10-12 || total
-------------------------+-------+-------+-------+-------++-------
Melee: Unarmed           |   120 |    64 |   348 |    65 ||   597
Invok: Berserk           |     1 |     2 |     6 |     1 ||    10
       Trog's Hand       |     1 |       |     3 |       ||     4
       Burn Spellbooks   |       |       |       |     1 ||     1
  Use: Scroll            |     5 |       |    15 |       ||    20
       Potion            |       |       |     6 |     1 ||     7
 Stab: Invisible         |       |       |     2 |       ||     2
       Sleeping          |       |       |     1 |       ||     1
  Eat: Chunk             |    16 |     7 |    48 |     6 ||    77
       Bread ration      |       |       |     1 |       ||     1
       Royal jelly       |       |       |     1 |       ||     1
